[Event "*** Titled Tuesday Blitz"]
[Site "Chess.com"]
[Date "2020.11.24"]
[Round "3"]
[White "Chesswizard_2007"]
[Black "Twitch_ElhamBlitz05"]
[Result "1-0"]
[WhiteElo "2617"]
[BlackElo "2805"]
[TimeControl "180+1"]
[EndTime "10:42:18 PST"]
[Termination "Chesswizard_2007 won on time"]

1. d4 Nf6 2. c4 e6 3. g3 d5 4. Nf3 dxc4 5. Bg2 c5 6. O-O Nc6 7. Qa4 Bd7 8. Qxc4 b5 9. Qc2 c4 10. Rd1 Rc8 11. Qd2 Be7 12. Qe1 O-O 13. e4 Nb4 14. Ne5 Nc2 15. Qe2 Nxa1 16. Bg5 b4 17.
d5 exd5 18. exd5 h6 19. Bf4 1-0

[Event "*** Titled Tuesday Blitz"]
[Site "Chess.com"]
[Date "2020.11.24"]
[Round "3"]
[White "GMKrikor"]
[Black "Forantes"]
[Result "1-0"]
[WhiteElo "2728"]
[BlackElo "2361"]
[TimeControl "180+1"]
[EndTime "10:42:19 PST"]
[Termination "GMKrikor won by resignation"]

1. e4 c5 2. Nf3 Nc6 3. Bb5 e5 4. O-O Bd6 5. c3 Nge7 6. d4 cxd4 7. cxd4 exd4 8. Nxd4 O-O 9. Nc3 Be5 10. Be3 Qc7 11.
g3 a6 12. Be2 b5 13. Rc1 Bb7 14. Nd5 Qd6 15. Nxc6 Nxd5 16. Nxe5 Qxe5 17. exd5 Qxb2 18. Rc7 Bxd5 19. Qxd5 Qxe2 20. Rxd7 Rac8 21. Bc5 1-0

[Event "*** Titled Tuesday Blitz"]
[Site "Chess.com"]
[Date "2020.11.24"]
[Round "3"]
[White "1e41-0"]
[Black "RTFrancisco"]
[Result "1-0"]
[WhiteElo "2666"]
[BlackElo "2331"]
[TimeControl "180+1"]
[EndTime "10:42:19 PST"]
[Termination "1e41-0 won by resignation"]

1. d4 Nf6 2. c4 e6 3. Nc3 Bb4 4. f3 O-O 5. a3 Bxc3+ 6. bxc3 c5 7. e4 d6 8. Bd3 e5 9. Ne2 Nc6 10. Be3 b6 11. O-O Ba6 12. f4 Re8 13. fxe5 dxe5 14. d5 Na5 15. Bg5 Bxc4 16. Ng3 Bxd3 17. Qxd3 c4 18.
Qf3 Qd6 19. Nf5 Qc5+ 20. Kh1 Nd7 21. Nxg7 f6 22. Ne6 Qe7 23. Bh6 Qf7 24. Qh3 Nc5 25. Rf3 Nxe6 26. dxe6 Qxe6 27. Rg3+ Kf7 28. Rg7+ 1-0

[Event "*** Titled Tuesday Blitz"]
[Site "Chess.com"]
[Date "2020.11.24"]
[Round "3"]
[White "levallem"]
[Black "Dinamo3"]
[Result "0-1"]
[WhiteElo "2237"]
[BlackElo "2403"]
[TimeControl "180+1"]
[EndTime "10:42:21 PST"]
[Termination "Dinamo3 won by resignation"]

1. d4 Nf6 2. c4 g6 3. Nc3 Bg7 4. e4 d6 5. Nf3 O-O 6. Be2 e5 7. dxe5 dxe5 8. Qxd8 Rxd8 9. Bg5 c6 10. Nxe5 Re8 11. Nf3 Nxe4 12. Nxe4 Rxe4 13. O-O-O Re8 14. Rd2 Na6 15. Rhd1 Bf5 16. Bd3 Bg4 17. h3 Be6 18. b3 Nb4 19. Bb1 a5 20. Nd4 Bc8 21. a3 Na6 22.
Nf3 Nc5 23. Bc2 a4 24. b4 Nb3+ 25. Bxb3 axb3 26. Rd8 b2+ 27. Kd2 Rxd8+ 28. Bxd8 Bf5 0-1

[Event "*** Titled Tuesday Blitz"]
[Site "Chess.com"]
[Date "2020.11.24"]
[Round "3"]
[White "Firegrizzly"]
[Black "AlexeiShirov"]
[Result "0-1"]
[WhiteElo "2604"]
[BlackElo "2828"]
[TimeControl "180+1"]
[EndTime "10:42:32 PST"]
[Termination "AlexeiShirov won by resignation"]

1. e4 e5 2. Nf3 Nc6 3. d4 exd4 4. Nxd4 Qf6 5. Nxc6 Bc5 6. Qf3 bxc6 7. Nc3 Qxf3 8.
gxf3 Ne7 9. Rg1 O-O 10. Be3 Bb6 11. Bc4 d6 12. a4 Be6 13. Ba6 Rab8 14. b3 f5 15.
Bxb6 Rxb6 16. Bd3 Ng6 17. exf5 Bxf5 18. Be4 d5 19. Bxf5 Rxf5 20. Rg3 Rb4 21. a5 Rh4 22. h3 Ne5 23. Ke2 Rhf4 24. Ra4 Rxf3 25. Rxf3 Rxf3 26. Na2 Rxh3 27. Rb4 h5 28. Rb7 Rh1 29.
Rxa7 h4 30. Ra8+ Kh7 31. a6 Ra1 32. Nc3 h3 33. Na4 h2 34. a7 h1=Q 35. Rh8+ Kxh8 36. a8=Q+ Kh7 0-1

[Event "*** Titled Tuesday Blitz"]
[Site "Chess.com"]
[Date "2020.11.24"]
[Round "3"]
[White "svilson23"]
[Black "szachuspl"]
[Result "0-1"]
[WhiteElo "2257"]
[BlackElo "2498"]
[TimeControl "180+1"]
[EndTime "10:42:39 PST"]
[Termination "szachuspl won by resignation"]

1. e4 c5 2. Nf3 e6 3. c3 Nf6 4. e5 Nd5 5. g3 Nc6 6. Bg2 f5 7. O-O Be7 8. c4 Nb6 9. Qe2 Qc7 10. Nc3 a6 11. Rd1 O-O 12. Rb1 Rb8 13. b3 Na8 14. Ba3 b5 15. cxb5 axb5 16. Nxb5 Qa5 17.
Bf1 Rxb5 18. Qxb5 Qxa3 19. d4 Nc7 20. Qe2 Ba6 21. Qb2 Qxb2 22. Rxb2 Bxf1 23. Kxf1 Nd5 24. dxc5 Bxc5 25. Rc2 Ba3 26. Kg2 Rb8 27. Rc4 Kf8 28. Nd4 Nxe5 29. Ra4 Nc3 30. Rxa3 Nxd1 0-1

[Event "*** Titled Tuesday Blitz"]
[Site "Chess.com"]
[Date "2020.11.24"]
[Round "3"]
[White "jefferyx"]
[Black "bait_or_mate"]
[Result "1-0"]
[WhiteElo "2939"]
[BlackElo "2607"]
[TimeControl "180+1"]
[EndTime "10:42:42 PST"]
[Termination "jefferyx won by resignation"]

1. d4 Nf6 2. c4 e6 3. Nc3 Bb4 4. Qc2 O-O 5. e4 d5 6. e5 Ne4 7.
Bd3 c5 8. Nf3 cxd4 9. Nxd4 Nd7 10. Bf4 Qh4 11. g3 Qh5 12. h4 Nxe5 13. Be2 Qg6 14. Bxe5 f6 15. h5 Qf7 16. Bf4 e5 17. cxd5 exd4 18. Qxe4 Bxc3+ 19. bxc3 dxc3 20. O-O Re8 21. Qd3 Bf5 22. Qxf5 Rxe2 23. Rfe1 Rae8 24. Rxe2 Rxe2 25.
Qc8+ Re8 26. Qxc3 Qxd5 27. Qb3 Qxb3 28. axb3 a6 29. Rc1 Re6 30. Kg2 Rb6 31. Rc3 g6 32.
h6 g5 33. Be3 Rb5 34. Rc7 1-0

[Event "*** Titled Tuesday Blitz"]
[Site "Chess.com"]
[Date "2020.11.24"]
[Round "3"]
[White "Neftegor"]
[Black "malakismayil"]
[Result "1-0"]
[WhiteElo "2506"]
[BlackElo "2253"]
[TimeControl "180+1"]
[EndTime "10:42:42 PST"]
[Termination "Neftegor won by resignation"]

1. d4 Nf6 2. c4 e6 3. Nc3 Bb4 4. e3 b6 5. Ne2 Bb7 6. Ng3 O-O 7.
Bd3 Bxc3+ 8. bxc3 d6 9. e4 e5 10. O-O h6 11. f4 Nbd7 12. fxe5 dxe5 13. Qf3 Re8 14. Bd2 Qe7 15. Nf5 Qe6 16. Qg3 Nh5 17. Qh4 Nf4 18. Bxf4 exf4 19. Qxf4 Rac8 20. e5 f6 21. Qg4 Re7 22. Nxe7+ Qxe7 23. Bf5 Rd8 24.
Rae1 fxe5 25. Be6+ Kh8 26. Rf7 1-0

[Event "*** Titled Tuesday Blitz"]
[Site "Chess.com"]
[Date "2020.11.24"]
[Round "3"]
[White "JozefKneht"]
[Black "jacky72"]
[Result "0-1"]
[WhiteElo "2358"]
[BlackElo "2705"]
[TimeControl "180+1"]
[EndTime "10:42:46 PST"]
[Termination "jacky72 won by resignation"]

1. d4 Nf6 2. c4 g6 3. Nc3 Bg7 4. e4 d6 5. Nf3 O-O 6. Be2 Na6 7. O-O e5 8. Be3 c6 9. dxe5 dxe5 10. Qxd8 Rxd8 11.
Rfd1 Be6 12. Rxd8+ Rxd8 13. Bxa7 Nb4 14. Bb6 Re8 15.
a3 Na6 16. Rd1 Nd7 17. Be3 Ndc5 18. b4 Nb3 19. c5 Nc7 20. a4 Ra8 21. h3 h6 22. a5 f5 23. Nd2 Nd4 24. Bf1 Nc2 25. Rb1 f4 26. Nc4 fxe3 27. Nd6 exf2+ 28. Kxf2 Rb8 29. Na4 Na6 30. b5 cxb5 31. Bxb5 Na3 32.
Rb2 Nxb5 33. Rxb5 Bd7 0-1

[Event "*** Titled Tuesday Blitz"]
[Site "Chess.com"]
[Date "2020.11.24"]
[Round "3"]
[White "sofaceindisguise"]
[Black "Mr_Heisenberg13"]
[Result "0-1"]
[WhiteElo "2691"]
[BlackElo "2506"]
[TimeControl "180+1"]
[EndTime "10:42:48 PST"]
[Termination "Mr_Heisenberg13 won by resignation"]

1. d4 Nf6 2. Nf3 d5 3. c4 e6 4.
g3 Be7 5. Bg2 O-O 6. O-O dxc4 7.
Qc2 a6 8. a4 Bd7 9. Qxc4 Bc6 10. Bg5 Nbd7 11. Qc1 h6 12. Bxf6 Nxf6 13. Nc3 Ne4 14.
Rd1 Nxc3 15. Qxc3 Bxf3 16. Bxf3 c6 17. h4 Bf6 18. e3 Qe7 19. Qc2 Rfd8 20. Kg2 Rac8 21.
Rac1 Qb4 22. h5 Rd7 23. Rd3 Rcd8 24. Be4 e5 25. Bf5 Rd6 26. dxe5 Bxe5 27. Rcd1 Rxd3 28.
Rxd3 Rxd3 29. Qxd3 Qd6 30. Qc2 Qb4 31. b3 Qd6 32.
Be4 Kf8 33. Qe2 Bf6 34. Qg4 Qe6 35. Qd1 Qxe4+ 36. Kg1 Qe6 37. Qd8+ Bxd8 0-1

[Event "*** Titled Tuesday Blitz"]
[Site "Chess.com"]
[Date "2020.11.24"]
[Round "3"]
[White "Nara_Kh"]
[Black "TheKingDoctor"]
[Result "1-0"]
[WhiteElo "2386"]
[BlackElo "2107"]
[TimeControl "180+1"]
[EndTime "10:42:49 PST"]
[Termination "Nara_Kh won by resignation"]

1. e4 g6 2. d4 Bg7 3. Nc3 c6 4. h3 d5 5. Nf3 dxe4 6. Nxe4 Nd7 7. Bc4 Ngf6 8. Qe2 O-O 9. O-O Nxe4 10. Qxe4 Nf6 11.
Qe2 Bf5 12. c3 Be4 13. Ne5 Bd5 14. Bd3 Rc8 15. Bg5 a6 16. Rad1 Qa5 17. a3 Rfe8 18. f4 Nh5 19. Qg4 f6 20. Nxg6 hxg6 21. Bxg6 fxg5 22.
Qxh5 Red8 23. fxg5 1-0

[Event "*** Titled Tuesday Blitz"]
[Site "Chess.com"]
[Date "2020.11.24"]
[Round "3"]
[White "DenisQ"]
[Black "ErikRonka"]
[Result "1-0"]
[WhiteElo "2667"]
[BlackElo "2399"]
[TimeControl "180+1"]
[EndTime "10:42:54 PST"]
[Termination "DenisQ won by resignation"]

1. Nf3 d5 2. c4 c6 3. cxd5 cxd5 4. d4 Nf6 5. Nc3 Nc6 6. Bf4 Bf5 7. e3 e6 8. Ne5 Nxe5 9. Bxe5 Nd7 10. Qb3 Nxe5 11.
dxe5 Be7 12. Bb5+ Kf8 13. O-O Qc7 14. f4 g6 15. Be2 h5 16. Rfc1 Qd7 17. Nb5 Rc8 18.
Nxa7 Rxc1+ 19. Rxc1 Kg7 20. Nb5 Rc8 21. Rxc8 Qxc8 22.
Qc3 Qa8 23. a3 Qa4 24. Kf2 h4 25. Qc7 Bf8 26. Nd6 Bxd6 27. exd6 Qe4 28. d7 h3 29.
Qe5+ Kf8 30. Qxe4 Bxe4 31. d8=Q+ 1-0

[Event "*** Titled Tuesday Blitz"]
[Site "Chess.com"]
[Date "2020.11.24"]
[Round "3"]
[White "WildTricks"]
[Black "OMGCovid-19"]
[Result "1-0"]
[WhiteElo "2467"]
[BlackElo "1840"]
[TimeControl "180+1"]
[EndTime "10:42:56 PST"]
[Termination "WildTricks won on time"]

1. f4 e5 2. fxe5 d6 3. exd6 Bxd6 4. Nf3 Nf6 5. d4 Bg4 6. Qd3 O-O 7. e4 Nc6 8. Nc3 Bxf3 9. gxf3 Nxd4 10. Bg5 h6 11. Bh4 Bf4 12. Nd5 g5 13. Qxd4 1-0

[Event "*** Titled Tuesday Blitz"]
[Site "Chess.com"]
[Date "2020.11.24"]
[Round "3"]
[White "Bacyanide"]
[Black "arjwezhrtdrz"]
[Result "1-0"]
[WhiteElo "2422"]
[BlackElo "2312"]
[TimeControl "180+1"]
[EndTime "10:42:57 PST"]
[Termination "Bacyanide won by resignation"]

1. d4 d6 2. c4 e5 3. Nc3 exd4 4. Qxd4 Nc6 5. Qd2 Nf6 6. b3 g6 7. Bb2 Bg7 8. Nf3 O-O 9. g3 Re8 10. Bg2 Ne5 11. O-O c6 12. Rad1 Bf8 13. Nxe5 Rxe5 14. Nb5 Ne4 15. Qe3 Re8 16. Bxe4 cxb5 17. Qf3 bxc4 18. bxc4 Bg7 19. Bxg7 Kxg7 20. Rd3 Be6 21.
Bxb7 Bxc4 22. Bxa8 Bxd3 23. Bd5 Bxe2 24. Qxf7+ Kh8 25.
Re1 Qe7 26. Qxe7 Rxe7 27. Bf3 Bxf3 28. Rxe7 1-0

[Event "*** Titled Tuesday Blitz"]
[Site "Chess.com"]
[Date "2020.11.24"]
[Round "3"]
[White "Lestofante90"]
[Black "Astaneh"]
[Result "0-1"]
[WhiteElo "2798"]
[BlackElo "2617"]
[TimeControl "180+1"]
[EndTime "10:42:58 PST"]
[Termination "Astaneh won by resignation"]

1. e4 e5 2. Nf3 Nc6 3. Bb5 Nf6 4. d3 Bc5 5. c3 O-O 6. O-O Re8 7. Nbd2 a6 8. Ba4 Bf8 9. Re1 d6 10. Nf1 Bd7 11. Bg5 h6 12. Bh4 Be7 13. d4 Nh7 14. Bg3 Bf6 15. h3 Nf8 16. Qd2 exd4 17. Nxd4 Nxd4 18.
Bxd7 Nf3+ 19. gxf3 Qxd7 20. Kg2 Rad8 21. Ne3 c6 22. Rad1 Qe6 23. c4 Be5 24. f4 Bxf4 25. Ng4 Bxd2 0-1

[Event "*** Titled Tuesday Blitz"]
[Site "Chess.com"]
[Date "2020.11.24"]
[Round "3"]
[White "Oleksandr_Bortnyk"]
[Black "aleksandrovaleksei"]
[Result "1-0"]
[WhiteElo "2906"]
[BlackElo "2598"]
[TimeControl "180+1"]
[EndTime "10:42:58 PST"]
[Termination "Oleksandr_Bortnyk won on time"]

1. d4 Nf6 2. Nc3 d5 3. Bf4 Bf5 4. e3 e6 5. Nf3 Bd6 6. Ne5 h6 7. Bd3 Bxd3 8. Nxd3 Bxf4 9. Nxf4 Nbd7 10. Qf3 c5 11. O-O-O Qa5 12. Kb1 O-O-O 13. Nh5 cxd4 14.
Rxd4 Ne5 15. Qg3 Nc4 16. Nxf6 gxf6 17. Qg7 Qb6 18. b3 Rhg8 19. Qxf7 Rxg2 20. Qxf6 1-0

[Event "*** Titled Tuesday Blitz"]
[Site "Chess.com"]
[Date "2020.11.24"]
[Round "3"]
[White "eightbyeightchess"]
[Black "MPGM"]
[Result "0-1"]
[WhiteElo "2418"]
[BlackElo "2614"]
[TimeControl "180+1"]
[EndTime "10:43:01 PST"]
[Termination "MPGM won by resignation"]

1. e4 c5 2. Nf3 d6 3. d4 cxd4 4. Qxd4 Nc6 5. Bb5 Bd7 6. Bxc6 Bxc6 7. Nc3 Nf6 8. Bg5 e6 9. O-O-O Be7 10. Qd3 O-O 11. Nd4 Rc8 12. f4 Qc7 13. f5 e5 14.
Bxf6 gxf6 15. Nde2 Rfd8 16. Ng3 d5 17. Nh5 Kh8 18. exd5 Bxd5 19. Qg3 Rg8 20. Qh4 Bxg2 21. Nxf6 Rg7 22. Rhg1 Qc6 23. Rxg2 Qxg2 24. Rd7 Qf1+ 25. Nd1 Qxf5 0-1

[Event "*** Titled Tuesday Blitz"]
[Site "Chess.com"]
[Date "2020.11.24"]
[Round "3"]
[White "DrVelja"]
[Black "ama18"]
[Result "1-0"]
[WhiteElo "2773"]
[BlackElo "2449"]
[TimeControl "180+1"]
[EndTime "10:43:02 PST"]
[Termination "DrVelja won by resignation"]

1. e4 c5 2. Nc3 Nc6 3. f4 g6 4.
Nf3 Bg7 5. Bb5 d6 6. Bxc6+ bxc6 7. d3 Nf6 8. O-O O-O 9. Qe1 Rb8 10. Qh4 c4 11. f5 cxd3 12. cxd3 Ba6 13. Bh6 Bxh6 14. Qxh6 Bxd3 15. Ng5 Qb6+ 16. Kh1 Bxf1 17. Rxf1 Qd4 18. e5 Qxe5 19. Nce4 Rfd8 20. fxg6 fxg6 21. Nxf6+ 1-0

[Event "*** Titled Tuesday Blitz"]
[Site "Chess.com"]
[Date "2020.11.24"]
[Round "3"]
[White "tvjosue"]
[Black "Teo2000"]
[Result "1-0"]
[WhiteElo "2649"]
[BlackElo "2427"]
[TimeControl "180+1"]
[EndTime "10:43:06 PST"]
[Termination "tvjosue won by checkmate"]

1. c4 e5 2. d3 f5 3. Nc3 b6 4.
Nf3 Bb7 5. Nxe5 Nf6 6. e3 g6 7. h4 Bg7 8. h5 d6 9. h6 dxe5 10. hxg7 Rg8 11. b3 Nc6 12. Bb2 Rxg7 13. Qd2 Qd7 14. O-O-O O-O-O 15. Kb1 Kb8 16. Be2 h5 17.
Bf3 Ne7 18. Bxb7 Kxb7 19. Ne2 Nc6 20. d4 Ne4 21. Qe1 exd4 22. f3 Nd6 23. exd4 Re7 24. d5 Ne5 25. Qf2 Rde8 26. Nf4 g5 27. Ne6 Rxe6 28. dxe6 Rxe6 29. Rxh5 Nef7 30. c5 bxc5 31. Qxc5 Qe8 32. Rh7 Re1 33. Rh1 Rxh1 34. Rxh1 Qe2 35.
Rc1 Qxg2 36. Qxc7+ Ka8 37. Qc6+ Kb8 38. Be5 Qd2 39. Qc8# 1-0

[Event "*** Titled Tuesday Blitz"]
[Site "Chess.com"]
[Date "2020.11.24"]
[Round "3"]
[White "BlixLT"]
[Black "Sanyura"]
[Result "0-1"]
[WhiteElo "2358"]
[BlackElo "2532"]
[TimeControl "180+1"]
[EndTime "10:43:07 PST"]
[Termination "Sanyura won by resignation"]

1. Nf3 d5 2. c4 c6 3. b3 dxc4 4.
bxc4 e5 5. Nc3 Bd6 6. Bb2 Nf6 7. d3 O-O 8. g3 Bb4 9. Qb3 a5 10. a3 Bd6 11. Bg2 Be6 12. Ng5 Bg4 13. h3 Bh5 14.
O-O Na6 15. Nge4 Nxe4 16. Nxe4 Bc7 17. c5 Bxe2 18. Qxb7 Bxf1 19. Bxf1 Rb8 20. Qxa6 Rxb2 21. Qxc6 f5 22. Nd6 Bxd6 23. cxd6 Rb6 24. Qd5+ Kh8 25.
Qxe5 Rxd6 26. Qxa5 Qxa5 0-1

[Event "*** Titled Tuesday Blitz"]
[Site "Chess.com"]
[Date "2020.11.24"]
[Round "3"]
[White "SantoBlue"]
[Black "1977Ivan"]
[Result "1-0"]
[WhiteElo "2902"]
[BlackElo "2664"]
[TimeControl "180+1"]
[EndTime "10:43:08 PST"]
[Termination "SantoBlue won by resignation"]

1. Nf3 c5 2. b3 d6 3. Bb2 e5 4.
e3 Nf6 5. Bb5+ Nbd7 6. O-O Be7 7. d4 cxd4 8. exd4 e4 9. Nh4 O-O 10. Nf5 Nb6 11. Nxe7+ Qxe7 12. Be2 Rd8 13. c4 d5 14. Nc3 Be6 15. c5 Nbd7 16. Qd2 Nf8 17. Rfc1 Ng6 18. Nd1 h5 19. b4 Bg4 20. Bf1 h4 21.
Ne3 h3 22. g3 Qe6 23. b5 Rac8 24. a4 Bf3 25. a5 Nh7 26. a6 b6 27. cxb6 axb6 28.
Rxc8 Rxc8 29. Rc1 Rb8 30. Rc6 Qd7 31. Qc1 Ng5 32. Rc7 Qe6 33. Qc6 Bg4 34. a7 1-0

[Event "*** Titled Tuesday Blitz"]
[Site "Chess.com"]
[Date "2020.11.24"]
[Round "3"]
[White "mbachez"]
[Black "Ranindu2003"]
[Result "1-0"]
[WhiteElo "2412"]
[BlackElo "2555"]
[TimeControl "180+1"]
[EndTime "10:43:09 PST"]
[Termination "mbachez won by resignation"]

1. e4 c5 2. Nf3 Nc6 3. Bb5 g6 4. c3 Bg7 5. d4 cxd4 6. cxd4 Nf6 7. Nc3 d5 8. Ne5 Bd7 9. Nxd7 Qxd7 10. e5 Ng8 11. O-O e6 12. Na4 a6 13. Nb6 Qd8 14. Bxc6+ bxc6 15. Nxa8 Qxa8 16. Bd2 Kd7 17. Rc1 Ne7 18.
Qa4 Rc8 19. Rc2 f6 20. f4 Nf5 21. Rfc1 g5 22. fxg5 fxe5 23. dxe5 Bxe5 24. Bf4 Bd4+ 25. Kh1 Bg7 26. g4 Ne7 27. Bg3 e5 28. Rf1 Ke6 29.
Rcf2 Rf8 30. Rxf8 Bxf8 31. Bxe5 Kd7 32. Bg3 Ng6 33. Qc2 c5 34. Qf5+ Kd8 35. Qxf8+ 1-0

[Event "*** Titled Tuesday Blitz"]
[Site "Chess.com"]
[Date "2020.11.24"]
[Round "3"]
[White "Orest_Vovk"]
[Black "IsuruAlahakoon"]
[Result "1-0"]
[WhiteElo "2530"]
[BlackElo "2345"]
[TimeControl "180+1"]
[EndTime "10:43:12 PST"]
[Termination "Orest_Vovk won by resignation"]

1. h3 d5 2. e4 dxe4 3. Nc3 e5 4. Nxe4 Nc6 5. Bc4 f5 6. Nc3 Bc5 7. d3 Nf6 8. Nf3 e4 9. Ng5 Ne5 10. Bb3 h6 11. Ne6 Bxe6 12. Bxe6 exd3 13. Bxf5 O-O 14. O-O dxc2 15. Qxd8 Raxd8 16. Bxc2 Nh5 17. Ne4 Bb6 18. Bd2 Rxd2 19. Nxd2 Ng3 20. Ne4 Nxf1 21. Kxf1 Nc4 22. Bb3 Kh8 23. Bxc4 Rd8 24. Ke2 Rd4 25. Bd3 c5 26. Rc1 Rd5 27. Bc4 Re5 28. f3 a6 29.
Rd1 Ba7 30. Rd7 1-0

[Event "*** Titled Tuesday Blitz"]
[Site "Chess.com"]
[Date "2020.11.24"]
[Round "3"]
[White "ShahMatKanal"]
[Black "PawnEatingZombie"]
[Result "1-0"]
[WhiteElo "2509"]
[BlackElo "2265"]
[TimeControl "180+1"]
[EndTime "10:43:14 PST"]
[Termination "ShahMatKanal won by resignation"]

1. e4 c6 2. d4 d5 3. exd5 cxd5 4. Bd3 Nc6 5. c3 Qc7 6. h3 Nf6 7. Nf3 g6 8. O-O Bf5 9. a3 Bxd3 10. Qxd3 Bg7 11. g3 O-O 12. Bf4 Qd7 13. Kg2 Ne4 14. Nbd2 Nxd2 15. Qxd2 f6 16. Rfe1 Rfe8 17. Re2 e5 18. dxe5 fxe5 19. Bh6 Bh8 20. Rd1 Rad8 21. Bg5 e4 22. Nh2 Ne5 23. Bxd8 Rxd8 24. Qg5 Qe8 25. Rxe4 1-0

[Event "*** Titled Tuesday Blitz"]
[Site "Chess.com"]
[Date "2020.11.24"]
[Round "3"]
[White "Julianos82"]
[Black "Nuvas"]
[Result "0-1"]
[WhiteElo "2317"]
[BlackElo "2428"]
[TimeControl "180+1"]
[EndTime "10:43:14 PST"]
[Termination "Nuvas won by resignation"]

1. d4 Nf6 2. Nf3 d5 3. Bg5 Ne4 4. Bh4 c5 5. e3 cxd4 6. exd4 Nc6 7. c3 Qb6 8. Qb3 Qxb3 9. axb3 Bg4 10. Nbd2 Nxd2 11.
Nxd2 e6 12. Be2 Bxe2 13. Kxe2 Bd6 14. Bg3 Kd7 15. b4 a6 16. Kd3 f6 17. Bxd6 Kxd6 18.
f4 e5 19. fxe5+ fxe5 20. dxe5+ Nxe5+ 21. Kc2 Rhf8 22. Rhf1 Ng4 23. Kd3 Rae8 24. Nf3 Ne3 25.
Rf2 Nxg2 26. Rxg2 Rxf3+ 27. Kd2 g6 28. Re1 Ref8 29. Rge2 Rf2 30. h4 Rxe2+ 31. Rxe2 Rf4 32. Rh2 h5 33. Ke3 Rg4 34. Kd3 Kc6 35. b3 Kb5 36. Rh3 b6 37. Rh1 Kc6 38. Rh2 Kd6 39. Rh3 Ke5 40.
Ke3 d4+ 41. Kd3 dxc3 42. Kxc3 Kd5 43. Rh2 Kc6 44. Rh3 Kb5 0-1

[Event "*** Titled Tuesday Blitz"]
[Site "Chess.com"]
[Date "2020.11.24"]
[Round "3"]
[White "RD4ever"]
[Black "Bathory44"]
[Result "1-0"]
[WhiteElo "2822"]
[BlackElo "2560"]
[TimeControl "180+1"]
[EndTime "10:43:15 PST"]
[Termination "RD4ever won by resignation"]

1. e4 e6 2. d4 d5 3. Bd3 dxe4 4. Bxe4 Nf6 5. Bf3 c5 6. Ne2 Nc6 7. Be3 e5 8. Bxc6+ bxc6 9. dxe5 Qxd1+ 10. Kxd1 Ng4 11. Nd2 Be7 12. Ng3 Ba6 13. c4 Nxe5 14. b3 O-O 15. Nf5 Bf6 16. Ne4 Rfe8 17. Nxf6+ gxf6 18. Kc2 Ng4 19. Rhe1 Bc8 20. Nd6 Nxe3+ 21. fxe3 Re7 22.
Kc3 Bg4 23. h3 Rd8 24. Nxf7 Bxh3 25. Nxd8 1-0

[Event "*** Titled Tuesday Blitz"]
[Site "Chess.com"]
[Date "2020.11.24"]
[Round "3"]
[White "keepitcoming"]
[Black "MVM2008"]
[Result "0-1"]
[WhiteElo "2383"]
[BlackElo "2173"]
[TimeControl "180+1"]
[EndTime "10:43:15 PST"]
[Termination "MVM2008 won by checkmate"]

1. d4 e6 2. c4 d6 3. Nc3 b6 4.
e4 g6 5. f3 Bg7 6. Nge2 Ne7 7.
Ng3 Bb7 8. Be2 Nd7 9. O-O h6 10. Be3 O-O 11. Qd2 Kh7 12. b4 a6 13. Rab1 e5 14. d5 f5 15. exf5 gxf5 16. Bd3 a5 17.
a3 axb4 18. axb4 Ra3 19. Nb5 Ra8 20. Nh5 Bh8 21. Bxh6 Rg8 22. Be3 Qe8 23. Ng3 e4 24. fxe4 Be5 25. Nxf5 Nxf5 26. exf5 Nf6 27. Nxc7 Qh5 28.
Be2 Qxh2+ 29. Kf2 Qg3+ 30. Kg1 Qxg2# 0-1

[Event "*** Titled Tuesday Blitz"]
[Site "Chess.com"]
[Date "2020.11.24"]
[Round "3"]
[White "TrickyFortem"]
[Black "Mazetovic"]
[Result "0-1"]
[WhiteElo "2480"]
[BlackElo "2768"]
[TimeControl "180+1"]
[EndTime "10:43:18 PST"]
[Termination "Mazetovic won by resignation"]

1. d4 Nf6 2. c4 g6 3. Nc3 Bg7 4. e4 d6 5. Be2 O-O 6. Bg5 Na6 7. Qd2 c6 8. h4 h5 9. Bh6 e5 10. Bxg7 Kxg7 11. dxe5 dxe5 12. Qxd8 Rxd8 13. Rd1 Rxd1+ 14.
Kxd1 Nc5 15. f3 a5 16. Nh3 Bxh3 17. Rxh3 Rd8+ 18. Kc2 Ne6 19. Rh1 Nd4+ 20. Kc1 Nd7 21. Rd1 Nc5 22. Bf1 f5 23. exf5 gxf5 24. Ne2 Nxe2+ 25.
Bxe2 Rxd1+ 26. Kxd1 f4 27. Kd2 Kf6 28. Bd3 Ne6 29. Kc3 Nd4 30. b3 Ke7 31. c5 Kf6 32. a3 Ne6 33. b4 axb4+ 34. axb4 Nd4 35. Kc4 Nf5 36. Bxf5 Kxf5 37. Kd3 e4+ 38. fxe4+ Ke5 39. Ke2 Kxe4 40. Kf2 Ke5 41. Kf3 Kf5 42. g3 fxg3 43. Kxg3 Ke4 44. Kg2 Kf4 45. Kh3 Kf3 46. Kh2 Kg4 47.
Kg2 Kxh4 48. Kh2 Kg4 49. Kg2 Kf4 50. Kh3 Ke4 51. Kh4 Kd4 52. Kxh5 Kc4 53. Kg5 0-1

[Event "*** Titled Tuesday Blitz"]
[Site "Chess.com"]
[Date "2020.11.24"]
[Round "3"]
[White "KetiTsatsalashvili"]
[Black "Chessdreamer2020"]
[Result "0-1"]
[WhiteElo "2293"]
[BlackElo "2517"]
[TimeControl "180+1"]
[EndTime "10:43:18 PST"]
[Termination "Chessdreamer2020 won by resignation"]

1. Nf3 c5 2. c4 Nc6 3. e3 e5 4.
Nc3 f5 5. d3 Nf6 6. g3 d5 7.
cxd5 Nxd5 8. Bg2 Ndb4 9. Bf1 Be7 10. a3 Nd5 11. Bg2 Be6 12. O-O O-O 13. Qe2 Qd7 14. Rd1 Rad8 15. Bd2 b6 16. Nxd5 Bxd5 17. Bc3 Bf6 18.
e4 Bb3 19. Rd2 f4 20. gxf4 exf4 21. Bxf6 Rxf6 22. Kh1 Rd6 23. Bf1 c4 24. e5 cxd3 25. Qe4 Bd5 26. Qxd3 Bxf3+ 27. Qxf3 Rxd2 28. Re1 Qd4 29.
Qxc6 Qxf2 30. Be2 Qxe1+ 0-1

[Event "*** Titled Tuesday Blitz"]
[Site "Chess.com"]
[Date "2020.11.24"]
[Round "3"]
[White "pastouche06"]
[Black "Zarikovs1999"]
[Result "0-1"]
[WhiteElo "2531"]
[BlackElo "2385"]
[TimeControl "180+1"]
[EndTime "10:43:19 PST"]
[Termination "Zarikovs1999 won by resignation"]

1. d4 Nf6 2. c4 c5 3. d5 b5 4.
cxb5 a6 5. bxa6 g6 6. Nc3 Bg7 7. e4 O-O 8. e5 Ne8 9. h4 Bxe5 10. Bh6 Ng7 11. h5 Qb6 12. Qd2 Bxa6 13. Nf3 Bf6 14. hxg6 fxg6 15. Ng5 Bd4 16. Nge4 d6 17. f3 Nd7 18.
Ng5 Rfb8 19. Rb1 Nf5 20. Ne6 Bf6 21. g4 Ng3 22. Bxa6 Qxa6 23. Rg1 Bxc3 0-1

[Event "*** Titled Tuesday Blitz"]
[Site "Chess.com"]
[Date "2020.11.24"]
[Round "3"]
[White "PLAYER_2006_M"]
[Black "Morshynska"]
[Result "1-0"]
[WhiteElo "2502"]
[BlackElo "2266"]
[TimeControl "180+1"]
[EndTime "10:43:23 PST"]
[Termination "PLAYER_2006_M won on time"]

1. d4 d5 2. Nc3 Nf6 3. Bf4 Bf5 4. f3 e6 5. g4 Bg6 6. h4 h6 7. e3 Bd6 8. Nh3 a6 9. Bd3 Bxd3 10. Qxd3 Nc6 11.
O-O-O Bxf4 12. Nxf4 Qd6 13. g5 Nd7 14. g6 f5 15. Nh5 O-O-O 16. e4 dxe4 17. fxe4 fxe4 18. Qxe4 Nf6 19. Nxf6 gxf6 20. d5 Ne5 21. dxe6 Qxe6 22. h5 Qg4 23. Qe3 Qg5 24. Qxg5 fxg5 25. Ne4 Ng4 26.
Rhg1 Ne3 27. Rxd8+ Rxd8 28. Re1 Nf5 29. Rf1 Nd4 30. c3 Ne2+ 31. Kc2 Nf4 32. Nf6 Ne6 33. Re1 Ng7 34. Re7 1-0

[Event "*** Titled Tuesday Blitz"]
[Site "Chess.com"]
[Date "2020.11.24"]
[Round "3"]
[White "ChessAurochs"]
[Black "AsaHoffmann"]
[Result "0-1"]
[WhiteElo "2546"]
[BlackElo "2394"]
[TimeControl "180+1"]
[EndTime "10:43:24 PST"]
[Termination "AsaHoffmann won by resignation"]

1. e4 d6 2. d4 Nf6 3. Nc3 c6 4. f4 Qa5 5. Bd3 e5 6. Nf3 exd4 7. Nxd4 Qb6 8. Nb3 a5 9. Qe2 a4 10. Be3 Qb4 11. a3 axb3 12. axb4 Rxa1+ 13. Nd1 Bg4 14. Qd2 Rxd1+ 15. Qxd1 Bxd1 16. Kxd1 bxc2+ 17. Kxc2 Be7 18. Ra1 O-O 19. Ra7 d5 20. Rxb7 dxe4 21. Bc4 Bd6 22.
b5 Nd5 23. Ba7 Bxf4 24. bxc6 Nxc6 25. Bxd5 Nxa7 26. Rxa7 e3 27. Kd3 Bxh2 28. Kxe3 Bg1+ 0-1